 Dungeon Crawl Stone Soup version 0.32-a0-391-gce5c0aab1b (webtiles) character file.

Game seed: 8386777103371244887

11954 zenocrate the Cleaver (level 11, -3/77 (84) HPs)
             Began as an Octopode Delver on Feb 20, 2024.
             Was an Initiate of Gozag.
             Slain by a laughing skull (7 damage)
             ... on level 2 of the Abyss.
             The game lasted 00:12:31 (11212 turns).

zenocrate the Cleaver (Octopode Delver)            Turns: 11212, Time: 00:12:32

HP:   -3/77 (84)    AC: 12    Str: 22    XL:     11   Next: 85%
MP:   0/17          EV: 14    Int: 12    God:    Gozag
Gold: 800           SH:  6    Dex: 19    Spells: 17/19 levels left

rFire   + + +        b - +8 mithril axe "Arga" {speed, Will+}
rCold   + . .        F - +0 buckler {AC+3}
rNeg    + . .        (helmet restricted)
rPois   +            n - amulet of guardian spirit
rElec   +            f - ring of poison resistance
rCorr   +            q - +4 ring of protection
SInv    .            w - +6 ring of strength
Will    +....        a - ring of flight
Stlth   +++++        C - ring of wizardry
HPRegen 0.32/turn    h - ring "Gagaeru" {rF+ Dex+3}
MPRegen 0.15/turn    J - ring "Difromit" {rF+ rN+ Dex+2}
                     L - +4 ring of protection

%: guardian spirit, wizardry (x1)
@: mighty, resistant, gold aura, flying, studying 2 skills, drained, invisible
A: almost no armour, amphibious, 8 rings, camouflage 1, gelatinous body 1,
(nimble swimmer 1), tentacles, fangs 1, robust 1
a: Renounce Religion, Potion Petition, Call Merchant, Bribe Branch


You were on level 2 of the Abyss.
You worshipped Gozag.
Gozag was pleased with you.
You visited 2 branches of the dungeon, and saw 11 of its levels.
You visited the Abyss 1 time.
You also visited: Bailey.

You collected 2352 gold pieces.
You spent 857 gold pieces at shops.
You paid 695 gold pieces to Gozag.

Inventory:

Hand Weapons
 b - the +8 mithril axe "Arga" (weapon) {speed, Will+}
   (You found it on level 8 of the Dungeon)

   Will+:     It increases your willpower.
Missiles
 v - 16 poisoned darts (quivered)
 M - 2 throwing nets
Armour
 F - a +0 buckler of protection (worn)
Jewellery
 a - a ring of flight (on tentacle)
 f - a ring of poison resistance (left tentacle)
 h - the ring "Gagaeru" (on tentacle) {rF+ Dex+3}
   (You acquired it on level 8 of the Dungeon)

   [ring of protection from fire]

   Dex+3:     It affects your dexterity (+3).
   rF+:       It protects you from fire.
 n - an amulet of guardian spirit (around mantle)
 q - a +4 ring of protection (right tentacle)
 w - a +6 ring of strength (on tentacle)
 C - a ring of wizardry (on tentacle)
 J - the ring "Difromit" (on tentacle) {rF+ rN+ Dex+2}
   (You acquired it on level 8 of the Dungeon)

   [ring of protection from fire]

   Dex+2:     It affects your dexterity (+2).
   rF+:       It protects you from fire.
   rN+:       It protects you from negative energy.
 L - a +4 ring of protection (on tentacle)
Talismans
 j - a serpent talisman
 t - a maw talisman
Wands
 e - a wand of digging (2)
 p - a wand of mindburst (6)
 B - a wand of polymorph (5)
 G - a wand of iceblast (1)
 I - a wand of charming (4)
Scrolls
 g - 3 scrolls of enchant weapon
 i - 7 scrolls of teleportation
 k - 2 scrolls of summoning
 m - 6 scrolls of poison
 o - 2 scrolls of amnesia {unknown}
 s - 2 scrolls of blinking
 u - a scroll of brand weapon {unknown}
 y - a scroll of vulnerability {unknown}
 A - a scroll of revelation
 D - a scroll of immolation {unknown}
 H - 2 scrolls of fog
 N - a scroll of enchant armour
 O - a scroll of noise {unknown}
Potions
 c - 2 potions of enlightenment
 d - 4 potions of heal wounds
 l - 2 potions of might
 r - 4 potions of mutation
 x - a potion of cancellation
 z - a potion of berserk rage
 E - a potion of haste
 P - a potion of resistance {unknown}
Miscellaneous
 K - a lightning rod (4/4)


   Skills:
 + Level 8.2 Fighting
 + Level 10.4 Axes
 - Level 3.1 Dodging
 - Level 6.6 Stealth
 - Level 7.3 Shields
 - Level 9.1 Unarmed Combat
 - Level 4.6 Spellcasting
 - Level 5.8 Shapeshifting


You had 17 spell levels left.
You knew the following spells:

 Your Spells              Type           Power      Damage    Failure   Level
x - Blink                 Tloc           4%         N/A       16%         2

Your spell library contained the following spells:

 Spells                   Type           Power      Damage    Failure   Level
 Ensorcelled Hibernation  Hex/Ice        4%         N/A       16%         2
 Lesser Beckoning         Tloc           4%         N/A       16%         2
 Momentum Strike          Conj/Tloc      4%         3d8       16%         2
 Passwall                 Erth           2%         N/A       28%         3
 Swiftness                Air            2%         N/A       28%         3
 Summon Forest            Summ/Tloc      1%         N/A       93%         5
 Summon Mana Viper        Hex/Summ       2%         N/A       93%         5
 Summon Cactus Giant      Summ           1%         N/A       100%        6


Dungeon Overview and Level Annotations

Branches:
Dungeon (10/15)            Temple (1/1) D:7          Bailey (visited)
   Lair: D:8-11         Orc: D:9-12

Altars:
Ashenzari
Cheibriados
Dithmenos
Elyvilon
Fedhas
Gozag
Hepliaklqana
Kikubaaqudgha
Makhleb
Nemelex Xobeh
Okawaru
Qazlal
Ru
Sif Muna
Trog
Uskayaw
Vehumet
Xom
Yredelemnul
Zin
The Shining One

Shops:
D:2 (?   D:4 *   D:9 *

Annotations:
D:6 1 runed translucent door, greenreed's ghost, novice CoGl
D:10 Sonja
Temple 2 transporters


Innate Abilities, Weirdness & Mutations

You cannot wear most types of armour.
You are amphibious.
You can wear up to eight rings at the same time.
Your skin changes colour to match your surroundings (Stealth+).
Your rubbery body absorbs attacks. (AC +1, EV +1)
((You are camouflaged when in or above water. (Stealth+)))
You have tentacles for arms and can constrict up to eight enemies at once.
You have very sharp teeth.
You are robust. (+10% HP)


Message History

The laughing skull lets out a vicious peal of laugher.
The bolt of negative energy hits you! You partially resist.
You feel drained.
Unknown command.
You barely miss the laughing skull. Your grab misses the laughing skull.
The laughing skull cackles spitefully.
The bolt of negative energy misses the laughing skull.
The bolt of negative energy hits you! You partially resist.
You feel drained.
* * * LOW HITPOINT WARNING * * *
The laughing skull is distracted by your dazzling golden aura. x2
The laughing skull gives a hideous shriek! x2
Unknown command.
You barely miss the laughing skull.
The laughing skull is no longer distracted by gold.
Your grab misses the laughing skull.
You squeeze the laughing skull, but do no damage.
The laughing skull closely misses you.
Unknown command.
You hit the laughing skull but do no damage.
You grab the laughing skull. You squeeze the laughing skull.
The laughing skull is lightly damaged.
You constrict the laughing skull, but do no damage.
The laughing skull is no longer distracted by gold.
The laughing skull headbutts you!
* * * LOW HITPOINT WARNING * * *
The laughing skull gibbers with scorn.
The bolt of negative energy misses the laughing skull.
The bolt of negative energy hits you! You partially resist.
You feel drained.
* * * LOW HITPOINT WARNING * * *
Unknown command. [a] - 252 gold - brilliance and magic [b] - 572 gold - resistance, invisibility and might [c] - 390 gold - haste and enlightenment Purchase which effect?
You feel protected.
You fade into invisibility!
You feel very mighty all of a sudden.
You constrict the laughing skull. You block the laughing skull's attack.
The laughing skull headbutts you!
You die...
The laughing skull crumbles to pieces from sheer joy.
Your body crumbles into a pile of gold.

#.. #. .. ..##.##
#.## .#....## #..#
##...#...##
#...#####....#....#
#...............#
#...............#
#....$z.........#
#..z.z@..#..#...#
#...............#
......#...........#
...................#
#........$..........
.........##..... ..
.........#..... .##
.........#....... .
... .. ..


You could see 3 laughing skulls.

Vanquished Creatures
  Josephine (D:10)
  Harold (D:9)
  A catoblepas (D:9)
  A boulder beetle (D:8)
  An orc knight (Bailey)
  A deep elf pyromancer (D:8)
  An orc sorcerer (Bailey)
  A cyclops (D:8)
  Joseph (D:10)
  A kobold demonologist (Bailey)
  A komodo dragon (D:8)
  A tengu conjurer (D:8)
  A troll (D:9)
  Grinder (D:3)
  A shadow (D:8)
  5 wraiths (D:10)
  A neqoxec (Abyss:2)
  A wyvern (D:5)
  2 steam dragons
  3 acid dragons (D:8)
  2 water moccasins (D:8)
  A sky beast (D:7)
  12 orc warriors
  2 black bears (D:6)
  A laughing skull (Abyss:2)
  An ice beast (D:7)
  An ogre (D:6)
  A small abomination (Abyss:2)
  3 centaurs
  2 phantoms
  3 bullfrogs
  A scorpion (D:4)
  2 gnoll sergeants
  4 wights (D:9)
  4 electric eels (Bailey)
  4 howler monkeys
  A bombardier beetle (D:5)
  2 centaur zombies (D:8)
  2 jellies (D:6)
  4 orc priests
  5 hounds
  2 gnoll boudas
  A sleepcap (D:5)
  4 iguanas
  10 orc wizards
  A killer bee zombie (D:8)
  An ogre zombie (D:8)
  A mummy (D:8)
  Robin (D:2)
  18 gnolls
  12 adders
  A shadow imp (D:8)
  2 white imps
  2 dart slugs
  2 ribbon worms (D:2)
  32 orcs
  10 endoplasms
  3 giant cockroaches
  13 hobgoblins
  7 jackals
  2 quokkas (D:4)
  6 ball pythons
  9 bats
  9 frilled lizards
  18 goblins
  5 kobolds
  3 rats
260 creatures vanquished.

Notes
Turn   | Place    | Note
-------+----------+-------------------------------------------
     0 | D:5      | zenocrate the Octopode Delver began the quest for the Orb.
     0 | D:5      | Reached XP level 1. HP: 16/16 MP: 1/1
    16 | D:5      | Reached XP level 2. HP: 9/21 MP: 2/2
   157 | D:4      | Reached XP level 3. HP: 23/26 MP: 3/3
   202 | D:3      | Noticed Grinder
   211 | D:3      | Killed Grinder
   212 | D:3      | Reached XP level 4. HP: 6/31 MP: 4/4
   212 | D:3      | Reached XP level 5. HP: 7/36 MP: 5/5
   212 | D:3      | Reached XP level 6. HP: 8/42 MP: 6/6
   491 | D:2      | Found a snail-covered altar of Cheibriados.
  1147 | D:2      | Noticed Robin
  1154 | D:2      | Killed Robin
  1275 | D:2      | Found Maezxet's Magic Scroll Shoppe.
  1663 | D:2      | Found Vuthisei's Weapon Emporium.
  1827 | D:2      | Reached skill level 1 in Shapeshifting
  2852 | D:3      | Gained mutation: You are clumsy. (Dex -2) [potion of
                  | mutation]
  2852 | D:3      | Gained mutation: You expend magic power (3 MP) to
                  | strengthen your wands. [potion of mutation]
  2852 | D:3      | Gained mutation: Your spells are a little harder to cast,
                  | but a little more powerful. [potion of mutation]
  2908 | D:4      | Reached XP level 7. HP: 38/46 MP: 5/7
  2965 | D:4      | Found a stormy altar of Qazlal.
  3334 | D:4      | Found Dabbokh's General Store.
  3744 | D:5      | Found a sparkling altar of Nemelex Xobeh.
  3809 | D:5      | Reached XP level 8. HP: 44/54 MP: 6/8
  4294 | D:5      | Noticed a wyvern
  4303 | D:5      | Killed a wyvern
  4978 | D:6      | Reached skill level 5 in Fighting
  5235 | D:6      | Reached XP level 9. HP: 59/62 MP: 7/9
  5382 | D:6      | Learned a level 2 spell: Blink
  5445 | D:6      | Found a runed translucent door.
  5450 | D:6      | Noticed greenreed's ghost (novice CoGl)
  5506 | D:6      | Reached skill level 5 in Shapeshifting
  6293 | D:7      | Found a staircase to the Ecumenical Temple.
  6312 | Temple   | Found a transporter.
  6312 | Temple   | Found a transporter.
  6312 | Temple   | Found a transporter.
  6312 | Temple   | Found a transporter.
  6312 | Temple   | Entered the Ecumenical Temple
  6327 | Temple   | Became a worshipper of Gozag Ym Sagoz the Greedy
  6956 | D:8      | Found a flagged portal.
  6957 | D:8      | Found the +8 mithril axe "Arga" {speed, Will+}
  6968 | Bailey   | Entered a bailey
  7147 | Bailey   | Noticed an orc knight
  7151 | Bailey   | Reached skill level 1 in Axes
  7151 | Bailey   | Noticed a kobold demonologist
  7156 | Bailey   | Reached skill level 2 in Axes
  7157 | Bailey   | Killed an orc knight
  7158 | Bailey   | Reached skill level 4 in Axes
  7166 | Bailey   | Killed a kobold demonologist
  7167 | Bailey   | Reached skill level 5 in Axes
  7167 | Bailey   | Reached XP level 10. HP: 21/69 MP: 4/10
  7321 | Bailey   | Noticed an orc sorcerer
  7329 | Bailey   | Killed an orc sorcerer
  7330 | Bailey   | Reached skill level 6 in Axes
  7330 | Bailey   | Found an iron altar of Okawaru.
  7454 | Bailey   | Reached skill level 7 in Axes
  8204 | Bailey   | Acquired a manual of Unarmed Combat
  8206 | Bailey   | Acquired 1012 gold pieces
  8208 | Bailey   | Acquired a +0 buckler of protection
  8210 | Bailey   | Acquired a manual of Shields
  8243 | D:8      | Lost mutation: You are clumsy. (Dex -2) [potion of
                  | mutation]
  8243 | D:8      | Lost mutation: You expend magic power (3 MP) to strengthen
                  | your wands. [potion of mutation]
  8243 | D:8      | Lost mutation: Your spells are a little harder to cast, but
                  | a little more powerful. [potion of mutation]
  8243 | D:8      | Gained mutation: You expend magic power (3 MP) to
                  | strengthen your wands. [potion of mutation]
  8243 | D:8      | Gained mutation: You sometimes lose your temper in combat.
                  | [potion of mutation]
  8244 | D:8      | Lost mutation: You expend magic power (3 MP) to strengthen
                  | your wands. [potion of mutation]
  8244 | D:8      | Lost mutation: You sometimes lose your temper in combat.
                  | [potion of mutation]
  8244 | D:8      | Gained mutation: You are robust. (+10% HP) [potion of
                  | mutation]
  8244 | D:8      | Gained mutation: You have very sharp teeth. [potion of
                  | mutation]
  8329 | D:8      | Reached skill level 1 in Shields
  8344 | D:8      | Reached skill level 1 in Spellcasting
  8349 | D:8      | Reached skill level 8 in Axes
  8437 | D:8      | Noticed a cyclops
  8442 | D:8      | Killed a cyclops
  8749 | D:8      | Noticed a deep elf pyromancer
  8757 | D:8      | Killed a deep elf pyromancer
  8758 | D:8      | Reached skill level 5 in Shields
  8758 | D:8      | Reached XP level 11. HP: 59/81 MP: 10/15
  9338 | D:8      | Acquired the ring "Difromit" {rF+ rN+ Dex+2}
  9340 | D:8      | Acquired the ring "Gagaeru" {rF+ Dex+3}
  9374 | D:9      | Reached skill level 9 in Axes
  9452 | D:9      | Noticed a boulder beetle
  9454 | D:9      | Noticed a catoblepas
  9861 | D:8      | Killed a boulder beetle
 10007 | D:9      | Killed a catoblepas
 10206 | D:9      | Noticed Harold
 10218 | D:9      | Killed Harold
 10372 | D:4      | Bought a scroll of identify for 22 gold pieces
 10372 | D:4      | Bought a lightning rod (4/4) for 440 gold pieces
 10456 | D:2      | Bought a scroll of fog for 56 gold pieces
 10456 | D:2      | Bought a scroll of blinking for 105 gold pieces
 10456 | D:2      | Bought a scroll of revelation for 105 gold pieces
 10456 | D:2      | Bought a scroll of enchant armour for 105 gold pieces
 10685 | D:9      | Found Xapsasix's Assorted Antiques.
 10691 | D:9      | Bought a scroll labelled LEARPH DUNUAQU for 24 gold pieces
 10850 | D:9      | Found a snail-covered altar of Cheibriados.
 10987 | D:9      | Found a bloodstained altar of Trog.
 10989 | D:9      | Found a shimmering altar of Xom.
 10990 | D:9      | Found a hide-covered altar of Uskayaw.
 11061 | D:10     | Entered Level 10 of the Dungeon
 11069 | D:10     | Noticed Josephine
 11076 | D:10     | Killed Josephine
 11077 | D:10     | Reached skill level 10 in Axes
 11079 | D:10     | Noticed Joseph
 11085 | D:10     | Killed Joseph
 11106 | D:10     | Noticed Sonja
 11113 | Abyss:2  | Cast into level 2 of the Abyss (Sonja)
 11211 | Abyss:2  | HP: 3/77 [laughing skull/bolt of negative energy (13)]
 11212 | Abyss:2  | Slain by a laughing skull

Illustrated notes

Levels and vault maps discovered:
D:1:      noname_arrival_rooms_in_the_neighbourhood, layout_basic
D:2:      layout_loops_ring, basic_altar, serial_shops, shop,
          nicolae_shop_peninsula, minmay_fractal_squares_5, uniq_robin
D:3:      layout_basic, chequers_serial_rivers_large_a, uniq_grinder
D:4:      minmay_angry_zag, layout_rooms, grunt_qazlal_clouds,
          minmay_shop_grid_forest
D:5:      layout_basic, mainiacjoe_overflow_concentric_impassable, serial_glass,
          glass_columns_c, glass_columns_c, due_unseen_surprise,
          item_on_display_a, feat_on_display, nicolae_half_adder
D:6:      layout_basic, gammafunk_ghost_grave
D:7:      layout_loops_ring, minmay_temple_entry_mini_moons,
          minmay_misc_feat_hallway, grunt_decor_cap
D:8:      minmay_distorted_concentric_squares, layout_loops_ring,
          enter_bailey_2, minmay_mini_ossuary
D:9:      layout_long_grid, mainiacjoe_overflow_six_doors_small, minitemple,
          serial_shops, nicolae_shop_hallway_plus, minmay_radiant, uniq_harold
D:10:     dragon1_lemuel, layout_irregular_city, nicolae_wu_jian_wuxing_cycle,
          david_lair_generic, uniq_sonja, uniq_josephine, uniq_joseph
Temple:   hellmonk_temple_divided_pantheon
Abyss:2:  base:
D:9

Skill      XL: |  1  2  3  4  5  6  7  8  9 10 11 |
---------------+----------------------------------+-----
Unarmed Combat | 3 6 7 8 9 |  9.1
Shapeshifting  | 1 3 4 5 |  5.8
Dodging        | 3 |  3.1
Fighting       | 4 5 6 8 |  8.2
Axes           | 5 8 10 | 10.4
Shields        | 5 7 |  7.3
Spellcasting   | 3 4 |  4.6
Stealth        | |  6.6

Action                     |  1- 3 |  4- 6 |  7- 9 | 10-12 || total
---------------------------+-------+-------+-------+-------++-------
  Melee: Unarmed           |    29 |   103 |   219 |       ||   351
         Tentacles         |     9 |    14 |    63 |    63 ||   149
         Constrict         |     6 |    16 |    56 |    30 ||   108
         Punch             |       |     3 |    15 |       ||    18
         Broad axe         |       |       |    19 |   219 ||   238
         Bite              |       |       |       |    25 ||    25
 Invoke: Potion Petition   |       |       |       |     1 ||     1
  Evoke: Wand              |       |       |     1 |     4 ||     5
    Use: Potion            |     1 |     1 |     3 |     3 ||     8
         Scroll            |       |     6 |     6 |     8 ||    20
   Stab: Sleeping          |     2 |    26 |    19 |     7 ||    54
         Distracted        |       |     1 |       |     5 ||     6
         Petrified         |       |       |       |     1 ||     1
 Armour: Skin              |    12 |    46 |   120 |   159 ||   337
  Dodge: Dodged            |    12 |    44 |   157 |   103 ||   316
  Block: Buckler           |       |       |       |    37 ||    37

Table legend: (Time is in decaauts)
 A = Elapsed time spent in this place.
 B = Non-inter-level travel time spent in this place.
 C = Inter-level travel time spent in this place.
 D = Time resting spent in this place.
 E = Time spent auto-exploring this place.
 F = Levels seen in this place.
 G = Mean time per level.
                   A        B        C        D        E       F      G
               +--------+--------+--------+--------+--------+-----+--------+
         Total |  11141 |  10490 |    651 |     97 |   8551 |  13 |  857.0 |
       Dungeon |   9748 |   9099 |    649 |     97 |   7434 |  10 |  974.8 |
        Temple |     33 |     32 |      1 |      0 |      0 |   1 |   33.0 |
         Abyss |     95 |     95 |      0 |      0 |     68 |   1 |   95.0 |
        Bailey |   1264 |   1264 |      0 |      0 |   1049 |   1 | 1264.0 |
               +--------+--------+--------+--------+--------+-----+--------+

Top non-repeatable levels by time:
     D:8: 1689 daAuts
     D:5: 1491 daAuts
     D:3: 1297 daAuts
  Bailey: 1264 daAuts
     D:6: 1147 daAuts
     D:4: 919 daAuts
     D:7: 898 daAuts
     D:9: 830 daAuts
     D:2: 810 daAuts
     D:1: 597 daAuts
 Abyss:2: 95 daAuts
    D:10: 66 daAuts
  Temple: 33 daAuts
